 Dungeon Crawl Stone Soup version 0.19-a0-811-gf4045fb (webtiles) character file.

113 Stormbringer the Insei (level 4, 0/35 HPs)
             Began as a Mummy Monk on June 28, 2016.
             Slain by a giant gecko (5 damage)
             ... on level 1 of the Dungeon.
             The game lasted 00:03:13 (3090 turns).

Stormbringer the Insei (Mummy Monk)                 Turns: 3090, Time: 00:03:13

Health: 0/35       AC:  0    Str: 14    XL:     4   Next: 65%
Magic:  4/4        EV: 13    Int:  9    God:
Gold:   64         SH:  0    Dex: 15    Spells: 0 memorised, 3 levels left

rFire  x . .     SeeInvis .       - Unarmed
rCold  + . .     Gourm    .     (no armour)
rNeg   + + +     Faith    .     (no shield)
rPois  ∞         Spirit   .     (no helmet)
rElec  .         Dismiss  .     (no cloak)
rCorr  .         Reflect  .     (no gloves)
SustAt .         Harm     .     (no boots)
MR     .....                    (no amulet)
Stlth  ++........               (no ring)
                                (no ring)

@: not resistant to hostile enchantments, unstealthy
A: no food or potions, fire vulnerability, cold resistance 1, negative energy
resistance 3, torment resistance, unbreathing
a: no special abilities


You were on level 1 of the Dungeon.
You were not hungry.

You visited 1 branch of the dungeon, and saw 2 of its levels.

You collected 64 gold pieces.


Innate Abilities, Weirdness & Mutations

You do not eat or drink.
Your flesh is vulnerable to fire.
You are immune to poison.
Your flesh is cold resistant. (rC+)
You are immune to negative energy. (rN+++)
You are immune to unholy pain and torment.
You can survive without breathing.


   Skills:
 - Level 3.0 Fighting
 + Level 3.1 Dodging
 - Level 1.5 Stealth
 - Level 4.0 Unarmed Combat


You had 3 spell levels left.
You didn't know any spells.

Inventory:

Scrolls
 a - a scroll of immolation {unknown}
 b - 4 scrolls of teleportation {unknown}
 c - 2 scrolls of identify {unknown}
 d - a scroll of random uselessness {unknown}
 e - a scroll of remove curse {unknown}
 f - a scroll of fog {unknown}

Dungeon Overview and Level Annotations

Branches:
Dungeon (2/15)

Altars:

Annotations:
D:1 exclusion: downstairs
D:2 Freud, Sigmund

▒.▒▒.▒▒▒▒▒▒▒).▒
▒..▒.▒▒.......▒
▒▒▒▒▒▒▒.▒.▒▒.▒▒▒▒▒.▒
▒...[)...........%.▒
▒▒▒▒.▒▒▒▒....▒.▒▒▒...▒▒
.....▒ ▒......▒▒....▒▒
▒▒▒▒▒▒ ▒......▒......▒
.....▒
▒▒▒▒...▒▒▒▒▒▒▒▒▒▒
.▒▒▒.▒ ▒..KlM.......▒
.▒...▒ ▒..▒▒▒▒▒▒▒▒▒.▒
.▒.▒▒▒ ▒▒>..▒▒▒▒▒▒▒.▒
.▒.▒ ▒▒▒.▒▒......▒ .▒.▒
▒▒▒▒▒▒▒.▒▒)▒▒▒▒▒▒ .▒.▒
▒.....▒.▒▒.▒ .▒.▒
▒.....▒.▒▒.▒ .▒.▒
▒.....▒.▒▒.▒ .▒.▒
▒.....'.▒▒.▒


You could see a giant gecko and a kobold.


Message History

The giant gecko bites you! The kobold hits you with a dagger!
You climb upwards!
Level annotation: exclusion: downstairs
There is a stone staircase leading down here!
Unknown command!
The giant gecko closely misses you!
The giant gecko bites you! * * * don't die
* * * The giant gecko hisses menacingly!
The giant gecko bites you! * * * don't die
* * * The giant gecko misses you!
You barely miss the giant gecko! The giant gecko closely misses you!
You closely miss the giant gecko! The giant gecko closely misses you!
You beat the giant gecko into a bloody pulp!
The giant gecko is lightly wounded!
The giant gecko bites you! * * * don't die
* * * The giant gecko barely misses you!
You pummel the giant gecko like a punching bag!
The giant gecko is severely wounded!
The giant gecko barely misses you!
You barely miss the giant gecko!
The giant gecko is severely wounded!
The giant gecko bites you! * * * don't die
* * * You barely miss the giant gecko!
The giant gecko is severely wounded!
The giant gecko bites you! rip

Action                   |  1- 3 |  4- 6 || total
-------------------------+-------+-------++-------
Melee: Unarmed           |   101 |    83 ||   184
       Punch             |     1 |     3 ||     4
 Stab: Sleeping          |     9 |       ||     9
Dodge: Dodged            |    57 |    55 ||   112

Vault maps used:
D:1:      minmay_arrival_open_corners
D:2:      grunt_ministairs_2, uniq_sigmund

Notes
Turn   | Place    | Note
--------------------------------------------------------------
     0 | D:1      | Stormbringer the Mummy Monk began the quest for the Orb.
     0 | D:1      | Reached XP level 1. HP: 18/18 MP: 1/1
   410 | D:1      | Reached XP level 2. HP: 18/24 MP: 2/2
   528 | D:1      | Reached skill level 3 in Unarmed Combat
   960 | D:2      | Noticed Sigmund
  1156 | D:1      | Reached XP level 3. HP: 25/29 MP: 3/3
  1738 | D:2      | Reached skill level 4 in Unarmed Combat
  1788 | D:2      | Reached XP level 4. HP: 5/35 MP: 4/4
  2413 | D:2      | Reached skill level 3 in Dodging
  3090 | D:1      | Slain by a giant gecko

Vanquished Creatures
  5 adders
  An ooze (D:2)
  2 worms (D:2)
  6 dart slugs
  A giant gecko (D:2)
  2 bats
  A giant cockroach (D:1)
  4 hobgoblins
  5 kobolds
  6 giant newts
  8 goblins
  9 rats
50 creatures vanquished.
